 Dungeon Crawl Stone Soup version 0.23.2-30-g0e89c35649 (webtiles) character file.

Game seed: 13459794323279633005

47 funkygono the Skirmisher (level 3, 0/30 HPs)
             Began as a Formicid Abyssal Knight on June 16, 2019.
             Was a Believer of Lugonu.
             Slain by an adder (3 damage)
             ... on level 2 of the Dungeon.
             The game lasted 00:03:36 (954 turns).

funkygono the Skirmisher (Formicid Abyssal Knight)   Turns: 954, Time: 00:03:37

Health: 0/30       AC:  6    Str: 17    XL:     3   Next: 97%
Magic:  4/4        EV:  8    Int: 11    God:    Lugonu [**....]
Gold:   66         SH:  8    Dex: 10    Spells: 2/2 levels left

rFire    . . .     SeeInvis +   a - +1 mace
rCold    . . .     Gourm    .   o - +1 shield
rNeg     . . .     Faith    .   e - +1 ring mail
rPois    .         Spirit   .   (helmet unavailable)
rElec    .         Reflect  .   (no cloak)
rCorr    .         Harm     .   (no gloves)
MR       .....                  (no boots)
Stlth    ..........             q - amulet of inaccuracy (curse)
HPRegen  0.10/turn              (no ring)
MPRegen  0.09/turn              (no ring)

@: lethally poisoned (0 -> -11)
A: permanent stasis, dig shafts and tunnels, four strong arms, antennae 3
a: Dig, Shaft Self, Depart the Abyss, Bend Space, Renounce Religion


You were on level 2 of the Dungeon.
You worshipped Lugonu.
Lugonu was pleased with you.
You were not hungry.

You visited 1 branch of the dungeon, and saw 2 of its levels.
You visited the Abyss 1 time.

You collected 66 gold pieces.

Inventory:

Hand Weapons
 a - a +1 mace (weapon)
Missiles
 f - 49 stones (quivered)
 m - 39 sling bullets
Armour
 b - a +0 leather armour
 e - a +1 ring mail (worn)
 o - a +1 shield (worn)
Jewellery
 q - a cursed amulet of inaccuracy (around neck)
Potions
 g - a potion of might
 n - 2 potions of curing
 p - a potion of heal wounds
Comestibles
 c - 2 rations
 d - 2 chunks of flesh


   Skills:
 * Level 4.1 Fighting
 + Level 2.3 Maces & Flails
 * Level 2.7 Armour
 + Level 0.9 Dodging
 * Level 1.0 Shields
 + Level 2.4 Invocations


You had 2 spell levels left.
You didn't know any spells.
Your spell library was empty.

Dungeon Overview and Level Annotations

Branches:
Dungeon (2/15)

Altars:


Innate Abilities, Weirdness & Mutations

You cannot be hasted, slowed, berserked, paralysed or teleported.
You can dig through walls and to a lower floor.
Your four strong arms can wield two-handed weapons with a shield.
You have a pair of large antennae on your head. (SInv)


Message History

The adder poisons you! The adder barely misses you.
You miss the adder. The adder bites you.
You are more poisoned.
The adder poisons you! You block the adder's attack.
You miss the adder.
You feel sick. The adder bites you.
You miss the adder.
You feel sick.
The adder bites you but does no damage. x2
You closely miss the adder.
You feel sick. You block the adder's attack.
The adder bites you but does no damage.
You completely miss the adder. The adder bites you.
* * * LOW HITPOINT WARNING * * *
You are lethally poisoned!
The adder poisons you! The adder bites you but does no damage.
You miss the adder.
* * * LOW HITPOINT WARNING * * *
You feel sick. The adder bites you.
* * * LOW HITPOINT WARNING * * *
You miss the adder.
* * * LOW HITPOINT WARNING * * *
You feel sick. The adder bites you.
You die...

#..####. #.## #.#
#.# #.# #.# #.# #.#
#.# #.##.#####.#
#..........#####.##
#####.......?......
#......@....#
#......S....#
#...........#
#...........#
#.............
#...........##.
#...........#
#...........#


You could see an adder.

Vanquished Creatures
  A gnoll (D:1)
  An ooze (D:1)
  A dart slug (D:1)
  2 leopard geckos (D:1)
  A giant cockroach (D:1)
  3 goblins
  7 hobgoblins
  6 kobolds
  3 bats (D:1)
  A frilled lizard (D:1)
  3 rats (D:1)
29 creatures vanquished.

Notes
Turn   | Place    | Note
-------+----------+-------------------------------------------
     0 | Abyss:1  | funkygono the Formicid Abyssal Knight began the quest for
                  | the Orb.
     0 | Abyss:1  | Reached XP level 1. HP: 18/18 MP: 2/2
   132 | D:1      | Escaped the Abyss
   248 | D:1      | Reached XP level 2. HP: 24/24 MP: 3/3
   378 | D:1      | Reached XP level 3. HP: 25/30 MP: 4/4
   381 | D:1      | Reached skill level 4 in Fighting
   458 | D:1      | Reached ** piety under Lugonu
   627 | D:1      | Reached skill level 1 in Shields
   954 | D:2      | Slain by an adder

Skill      XL: |  1  2  3 |
---------------+----------+-----
Fighting       | 4 |  4.1
Shields        | 1 |  1.0
Maces & Flails | |  2.3
Armour         | |  2.7
Dodging        | |  0.9
Invocations    | |  2.4

Action                   || total
-------------------------++-------
Melee: Mace              ||   118
Throw: Stone             ||     1
  Use: Scroll            ||     9
Armor: Ring mail         ||    53
Dodge: Dodged            ||    53
Block: Shield            ||    48
